 Dungeon Crawl Stone Soup version 0.30-a0-1008-g30c9307041 (webtiles) character file.

Game seed: 7413794372855638900

430 Chaicat the Trooper (level 6, 0/56 HPs)
             Began as a Minotaur Berserker on Apr 5, 2023.
             Was a Believer of Trog.
             Killed by divine providence
             ... invoked by an orc priest
              (9 damage)
             ... on level 3 of the Dungeon.
             The game lasted 00:06:05 (2975 turns).

Chaicat the Trooper (Minotaur Berserker)            Turns: 2975, Time: 00:06:06

Health: 0/56       AC: 11    Str: 22    XL:     6   Next: 66%
Magic:  5/5        EV: 13    Int:  4    God:    Trog [**....]
Gold:   110        SH:  0    Dex: 11    Spells: 5/5 levels left

rFire   . . .      SeeInvis .    k - +0 hammer (protect)
rCold   . . .      Faith    .    (no shield)
rNeg    . . .      Spirit   .    b - +1 animal skin
rPois   .          Reflect  .    (helmet restricted)
rElec   .          Rampage  .    d - +0 cloak
rCorr   .                        (no gloves)
Will    .....                    (no boots)
Stlth   +                        (no amulet)
HPRegen 0.29/turn                (no ring)
MPRegen 0.09/turn                (no ring)

@: under a protective aura
A: horns 2, retaliatory headbutt
a: Renounce Religion, Berserk, Trog's Hand


You were on level 3 of the Dungeon.
You worshipped Trog.
Trog was pleased with you.
You visited 1 branch of the dungeon, and saw 4 of its levels.
You also visited: Sewer.

You collected 110 gold pieces.

Inventory:

Hand Weapons
 a - a +1 hand axe
 k - a +0 hammer of protection (weapon)
Armour
 b - a +1 animal skin (worn)
 d - a +0 cloak (worn)
Potions
 c - a potion of might
 e - 2 potions of heal wounds
 f - a potion of ambrosia {unknown}
 g - 2 potions of curing {unknown}
 h - a potion of mutation {unknown}
 i - 2 potions of degeneration {unknown}
 j - a potion of haste {unknown}


   Skills:
 + Level 5.5 Fighting
 + Level 5.5 Axes
 + Level 4.7 Armour
 + Level 4.3 Dodging


You had 5 spell levels left.
You didn't know any spells.
Your spell library was empty.

Dungeon Overview and Level Annotations

Branches:
Dungeon (4/15)              Sewer (visited)
 Temple: D:4-7

Altars:
Yredelemnul


Innate Abilities, Weirdness & Mutations

You have a pair of horns on your head.
You reflexively headbutt those who attack you in melee.


Message History

The orc completely misses you.
You barely miss the orc. The orc hits you but does no damage.
You barely miss the orc.
The orc priest calls down the wrath of Beogh upon you.
Beogh smites you! The orc misses you. The orc hits you but does no damage.
You are too injured to fight recklessly!
You are too injured to fight recklessly!
You are too injured to fight recklessly!
You are too injured to fight recklessly!
You hit the orc but do no damage. You headbutt the orc.
The orc is almost dead.
The orc hits you but does no damage.
You barely miss the orc.
The orc is almost dead.
The orc hits you but does no damage.
You closely miss the orc. Your headbutt misses the orc.
The orc is almost dead.
The orc hits you but does no damage.
You hit the orc but do no damage. Your headbutt misses the orc.
The orc is severely wounded.
The orc priest invokes the aid of Beogh against you.
Beogh smites you!
* * * LOW HITPOINT WARNING * * *
The orc hits you with a +0 hand axe.
* * * LOW HITPOINT WARNING * * *
The orc hits you but does no damage.
You hit the orc but do no damage.
The orc is severely wounded.
The orc barely misses you.
You barely miss the orc.
The orc is severely wounded.
The orc hits you but does no damage.
Unknown command.
You hit the orc but do no damage. You headbutt the orc.
You kill the orc!
Trog accepts your kill.
You completely miss the orc priest. The orc priest barely misses you.
The orc priest mumbles some strange prayers to Beogh against you.
Beogh smites you!
You die...

#....#
#...###...##.#
#....# #.#.#
##.###.#
#.P.##
##.#.####.#
#.# ##.##
#(.#....#.#
#.# #.##
#######...#
#.# ##.#
#..#......#
#.# #.##
##.#.###..#
#.# ##.#
#.#.###..###.#
##)##
#...)@o......#
#...#
#######.#)####
# #...#
####.#.# #
#...# #....#.#
# #####
#.####.# #####
# #.# #.#
#...# ########
#.# #.# #._.#
.......# #.#
#.# ####.).#
######## #.#
#)# ##8.#)..#


You could see an orc priest.

Vanquished Creatures
  A human (D:3)
  Pargi (Sewer)
  An ogre (D:3)
  An orc priest (D:3)
  Crazy Yiuf (D:3)
  An adder (D:2)
  2 dart slugs (D:3)
  4 orcs (D:3)
  6 ball pythons
  3 bats
  An endoplasm (D:3)
  2 giant cockroaches
  2 goblins
  2 hobgoblins
  7 jackals
  A quokka (D:1)
  3 frilled lizards (D:2)
  A goblin zombie (D:3)
  5 kobolds
  4 rats
49 creatures vanquished.

Notes
Turn   | Place    | Note
-------+----------+-------------------------------------------
     0 | D:1      | Chaicat the Minotaur Berserker began the quest for the Orb.
     0 | D:1      | Reached XP level 1. HP: 19/19 MP: 0/0
   496 | D:1      | Reached XP level 2. HP: 26/27 MP: 1/1
   723 | D:2      | Identified the +1 dagger "Akhlucamu" {elec, Dex+3}
  1267 | D:2      | Reached XP level 3. HP: 33/33 MP: 2/2
  1330 | D:3      | Found a glowing drain.
  1343 | Sewer    | Entered a sewer
  1408 | Sewer    | Noticed Pargi
  1421 | Sewer    | Killed Pargi
  1422 | Sewer    | Reached XP level 4. HP: 14/41 MP: 3/3
  1769 | D:3      | Reached ** piety under Trog
  1776 | D:3      | Found a faded altar of an unknown god.
  1848 | D:3      | Found a runed translucent door.
  1848 | D:3      | Noticed a human
  1849 | D:3      | Found a basalt altar of Yredelemnul.
  1868 | D:3      | Killed a human
  1869 | D:3      | Reached skill level 5 in Fighting
  1869 | D:3      | Reached skill level 5 in Axes
  1869 | D:3      | Reached XP level 5. HP: 45/48 MP: 4/4
  1869 | D:3      | Reached XP level 6. HP: 52/56 MP: 5/5
  1882 | D:3      | HP: 2/56 [orc/+0 dagger (2)]
  2428 | D:3      | Found a runed translucent door.
  2429 | D:3      | Noticed Crazy Yiuf
  2754 | D:3      | Killed Crazy Yiuf
  2975 | D:3      | Killed from afar by an orc priest

Illustrated notes

Levels and vault maps discovered:
D:1:      ebering_hopf_link, layout_basic, minmay_door_square,
          chequers_serial_rivers_marsh
D:2:      layout_loops_ring, corexii_item_surrounded_by_moat
D:3:      layout_loops_ring, dk_yredelemnul_ordeal,
          cheibrodos_sewer_entry_drain, shapermc_ecumenical_altar_totnotflames,
          uniq_crazy_yiuf_cottage
D:4:      layout_rooms, serial_shops, nicolae_take_the_stairs, minmay_ruptured,
          uniq_natasha

Skill      XL: |  1  2  3  4  5  6 |
---------------+-------------------+-----
Axes           | 4 5 |  5.5
Fighting       | 4 5 |  5.5
Armour         | 3 4 |  4.7
Dodging        | 3 4 |  4.3

Action                     |  1- 3 |  4- 6 || total
---------------------------+-------+-------++-------
  Melee: Hand axe          |    57 |    34 ||    91
         Headbutt          |     9 |     7 ||    16
         Dagger            |    14 |       ||    14
         Punch             |       |     1 ||     1
         Mace              |       |    13 ||    13
 Invoke: Berserk           |     1 |       ||     1
    Use: Scroll            |     6 |     5 ||    11
   Stab: Sleeping          |     1 |       ||     1
 Armour: Animal skin       |    11 |    15 ||    26
  Dodge: Dodged            |    73 |    29 ||   102

Table legend: (Time is in decaauts)
 A = Elapsed time spent in this place.
 B = Non-inter-level travel time spent in this place.
 C = Inter-level travel time spent in this place.
 D = Time resting spent in this place.
 E = Time spent auto-exploring this place.
 F = Levels seen in this place.
 G = Mean time per level.
                   A        B        C        D        E       F      G
               +--------+--------+--------+--------+--------+-----+--------+
         Total |   3005 |   2936 |     69 |    551 |   2014 |   5 |  601.0 |
       Dungeon |   2644 |   2575 |     69 |    330 |   1924 |   4 |  661.0 |
         Sewer |    360 |    360 |      0 |    221 |     89 |   1 |  360.0 |
               +--------+--------+--------+--------+--------+-----+--------+

Top non-repeatable levels by time:
     D:3: 1337 daAuts
     D:2: 672 daAuts
     D:1: 629 daAuts
   Sewer: 360 daAuts
     D:4: 4 daAuts
